 Dungeon Crawl Stone Soup version 0.29-a0-330-g52719c12eb (webtiles) character file.

Game seed: 14163417094016843236

943 Crownlay the Geomancer (level 8, -1/51 HPs)
             Began as an Octopode Earth Elementalist on May 12, 2022.
             Slain by a two-headed ogre
             ... wielding a +0 giant spiked club
              (14 damage)
             ... on level 5 of the Dungeon.
             The game lasted 00:11:03 (4919 turns).

Crownlay the Geomancer (OpEE)                       Turns: 4919, Time: 00:11:04

Health: -1/51      AC:  1    Str:  9    XL:     8   Next: 12%
Magic:  9/21       EV: 13    Int: 20    God:
Gold:   73         SH:  0    Dex: 10    Spells: 5/13 levels left

rFire   x . .      SeeInvis .   q - +1 dagger (speed)
rCold   + . .      Faith    .   (no shield)
rNeg    . . .      Spirit   .   (helmet restricted)
rPois   .          Reflect  .   (no amulet)
rElec   .          Harm     .   k - ring "Fakaytea" {Ice MP+9 Str+2 Dex-2}
rCorr   .          Rampage  .   p - +4 ring of slaying
Will    .....                   (no ring)
Stlth   +++.......              (no ring)
HPRegen 0.17/turn               (no ring)
MPRegen 0.17/turn               (no ring)
                                (no ring)
                                (no ring)

@: no status effects
A: almost no armour, amphibious, 8 rings, camouflage 1, gelatinous body 1,
(nimble swimmer 1), tentacles
a: no special abilities


You were on level 5 of the Dungeon.
You visited 1 branch of the dungeon, and saw 5 of its levels.
You also visited: Sewer.

You collected 73 gold pieces.

Inventory:

Hand Weapons
 q - a +1 dagger of speed (weapon)
Missiles
 a - 32 stones
Jewellery
 k - the ring "Fakaytea" (left tentacle) {Ice MP+9 Str+2 Dex-2}
   (You found it on level 2 of the Dungeon)

   [ring of ice]

   It enhances your ice magic.
   Str:       It affects your strength (+2).
   Dex:       It affects your dexterity (-2).
   rF:        It makes you vulnerable to fire.
   rC:        It protects you from cold.
   MP:        It affects your magic capacity (+9).
 p - a +4 ring of slaying (right tentacle)
Scrolls
 c - a scroll of fear
 d - a scroll of fog {unknown}
 g - 2 scrolls of blinking
 h - a scroll of magic mapping {unknown}
 m - 2 scrolls of brand weapon
 o - 2 scrolls of teleportation
Potions
 b - 2 potions of magic
 e - 2 potions of curing {unknown}
 f - 3 potions of heal wounds {unknown}
 i - 2 potions of haste {unknown}
 j - a potion of brilliance {unknown}
 l - a potion of ambrosia {unknown}
 n - a potion of invisibility {unknown}


   Skills:
 + Level 2.6 Fighting
 - Level 2.0 Dodging
 - Level 2.6 Stealth
 + Level 3.2 Spellcasting
 + Level 2.6 Conjurations
 - Level 1.0 Transmutations
 + Level 8.1 Earth Magic


You had 5 spell levels left.
You knew the following spells:

 Your Spells              Type           Power      Damage    Failure   Level
a - Sandblast             Erth           70%        2d15      1%          1
b - Stone Arrow           Conj/Erth      48%        3d10      4%          3
c - Petrify               Tmut/Erth      21%        N/A       22%         4

Your spell library contained the following spells:

 Spells                   Type           Power      Damage    Failure   Level
 Passwall                 Tmut/Erth      17%        N/A       3%          2
 Animate Skeleton         Necr           6%         N/A       14%         1
 Pain                     Necr           12%        1d4       14%         1
 Vampiric Draining        Necr           3%         2d6       38%         3
 Passage of Golubria      Tloc           3%         N/A       80%         4
 Silence                  Hex/Air        1%         N/A       98%         5
 Lehudib's Crystal Spear  Conj/Erth      12%        10d4      100%        8


Dungeon Overview and Level Annotations

Branches:
Dungeon (5/15)              Sewer (visited)
 Temple: D:4-7

Altars:

Annotations:
D:4 Dowan, Duvessa


Innate Abilities, Weirdness & Mutations

You cannot wear most types of armour.
You are amphibious.
You can wear up to eight rings at the same time.
Your skin changes colour to match your surroundings (Stealth+).
Your rubbery body absorbs attacks. (AC +1, EV +1)
((You are camouflaged when in or above water. (Stealth+)))
You have tentacles for arms and can constrict up to eight enemies at once.


Message History

Okay, then.
A jelly comes into view.
Found a potion of magic.
There is an open door here.
Items here: )) [[ †.
The stone arrow hits the jelly!
You kill the jelly!
A white imp comes into view.
The stone arrow hits the white imp.
The white imp is moderately wounded.
The white imp shouts!
The white imp gestures at you. The puff of frost hits you. You resist.
The stone arrow hits the white imp.
The white imp is heavily wounded.
The stone arrow hits the white imp!
You kill the white imp!
HP restored.
b - 2 potions of magic (gained 1)
Items here: )) [[ †.
Things that are here:
a +0 flail; a +0 short sword; a +0 scale mail
There is an open door here.
You open the door.
There is an open door here.
Found a helmet.
You see here a +0 helmet.
The stone arrow hits the two-headed ogre!
The two-headed ogre is moderately wounded.
The two-headed ogre shouts in stereo!
The stone arrow misses the two-headed ogre.
The stone arrow hits the two-headed ogre.
The two-headed ogre is moderately wounded.
The stone arrow hits the two-headed ogre!
The two-headed ogre is heavily wounded.
The two-headed ogre hits you with a +0 giant spiked club!!!
Ouch! That really hurt!
* * * LOW HITPOINT WARNING * * *
The two-headed ogre hits you with a +0 giant club!
You die...

### #.########
#.......[#
#.######.# #.#
####.#
#######.###.@..#
#....##...#O####
#.##.####.#.
#.##.####.#.
#.##....#.#.
#.#####.#.#. #.#
#.#.#.
#.#####.#.#.
#####.#.....#.#


You could see a two-headed ogre.

Vanquished Creatures
  Grinder (D:4)
  Pargi (D:4)
  An ogre (D:5)
  A kobold brigand (Sewer)
  A jelly (D:5)
  2 orc priests (D:3)
  A gnoll shaman (D:4)
  2 orc wizards
  Robin (D:4)
  5 gnolls (D:4)
  5 river rats
  9 adders
  A white imp (D:5)
  2 worms (D:2)
  3 dart slugs
  19 orcs
  2 endoplasms
  2 giant cockroaches
  12 goblins
  6 hobgoblins
  2 jackals (Sewer)
  5 quokkas
  8 ball pythons
  5 bats
  7 frilled lizards
  10 kobolds
  11 rats
125 creatures vanquished.

Vanquished Creatures (others)
  5 plants (Sewer)
5 creatures vanquished.

Grand Total: 130 creatures vanquished

Notes
Turn   | Place    | Note
-------+----------+-------------------------------------------
     0 | D:1      | Crownlay the Octopode Earth Elementalist began the quest
                  | for the Orb.
     0 | D:1      | Reached XP level 1. HP: 11/11 MP: 3/3
    38 | D:1      | Noticed a floating eye
    40 | D:1      | Found a faded altar of an unknown god.
    42 | D:1      | Noticed a floating eye
    42 | D:1      | Noticed a floating eye
    42 | D:1      | Noticed a floating eye
   421 | D:1      | Reached XP level 2. HP: 8/17 MP: 5/5
   991 | D:2      | Reached skill level 4 in Earth Magic
   991 | D:2      | Reached XP level 3. HP: 8/21 MP: 6/6
  1351 | D:2      | Identified the ring "Fakaytea" {Ice MP+9 Str+2 Dex-2}
  2079 | D:2      | Learned a level 3 spell: Stone Arrow
  2363 | D:3      | Reached XP level 4. HP: 27/27 MP: 7/7
  2366 | D:3      | Reached skill level 5 in Earth Magic
  2648 | D:3      | Reached XP level 5. HP: 31/31 MP: 8/8
  2658 | D:3      | Reached skill level 6 in Earth Magic
  3147 | D:4      | Reached XP level 6. HP: 36/36 MP: 8/9
  3220 | D:4      | Noticed Robin
  3224 | D:4      | Killed Robin
  3261 | D:4      | Reached skill level 7 in Earth Magic
  3284 | D:4      | Noticed Duvessa
  3327 | D:4      | Noticed Grinder
  3337 | D:4      | Killed Grinder
  3338 | D:4      | Reached skill level 8 in Earth Magic
  3338 | D:4      | Reached XP level 7. HP: 30/41 MP: 5/10
  3363 | D:4      | Noticed Pargi
  3368 | D:4      | Killed Pargi
  3369 | D:4      | Reached skill level 1 in Fighting
  3369 | D:4      | Reached skill level 1 in Conjurations
  3489 | D:4      | Found a glowing drain.
  3498 | Sewer    | Entered a sewer
  4506 | D:4      | Noticed Dowan
  4538 | D:4      | You fall into a shaft and drop 1 floor!
  4538 | D:5      | Entered Level 5 of the Dungeon
  4576 | D:5      | Learned a level 4 spell: Petrify
  4583 | D:5      | Reached XP level 8. HP: 51/51 MP: 11/12
  4658 | D:5      | Noticed a two-headed ogre
  4919 | D:5      | Slain by a two-headed ogre

Illustrated notes

Levels and vault maps discovered:
D:1:      heliophobic_arrival_ceremonial_halls, layout_basic,
          hellmonk_ecumenical_altar_watching_god
D:2:      layout_basic
D:3:      layout_rooms
D:4:      layout_loops_cross, portal_sewer_entry_e, hangedman_decor_riveting,
          uniq_blork_the_orc, uniq_duvessa, uniq_grinder, uniq_pargi, uniq_robin
D:5:      layout_basic

Skill      XL: |  1  2  3  4  5  6  7 |
---------------+----------------------+-----
Earth Magic    | 4 5 6 8 |  8.1
Fighting       | 2 |  2.6
Conjurations   | 2 |  2.6
Spellcasting   | 3 |  3.2
Dodging        | |  2.0
Stealth        | |  2.6
Transmutations | |  1.0

Action                   |  1- 3 |  4- 6 |  7- 9 || total
-------------------------+-------+-------+-------++-------
Melee: Dagger            |    48 |    10 |    46 ||   104
       Constrict         |    11 |     3 |    12 ||    26
       Tentacles         |    11 |     3 |    12 ||    26
       Punch             |     1 |       |     3 ||     4
 Cast: Sandblast         |    11 |    62 |    24 ||    97
       Stone Arrow       |       |     2 |    18 ||    20
  Use: Scroll            |       |     3 |     3 ||     6
 Stab: Sleeping          |    10 |       |     4 ||    14
Armor: Skin              |     5 |     1 |       ||     6
Dodge: Dodged            |    28 |    21 |    21 ||    70

Table legend: (Time is in decaauts)
 A = Elapsed time spent in this place.
 B = Non-inter-level travel time spent in this place.
 C = Inter-level travel time spent in this place.
 D = Time resting spent in this place.
 E = Time spent auto-exploring this place.
 F = Levels seen in this place.
 G = Mean time per level.
                   A        B        C        D        E       F      G
               +--------+--------+--------+--------+--------+-----+--------+
         Total |   4901 |   4758 |    143 |     64 |   3750 |   6 |  816.8 |
       Dungeon |   4027 |   3884 |    143 |     64 |   3036 |   5 |  805.4 |
         Sewer |    874 |    874 |      0 |      0 |    714 |   1 |  874.0 |
               +--------+--------+--------+--------+--------+-----+--------+

Top non-repeatable levels by time:
     D:2: 1442 daAuts
     D:1: 910 daAuts
   Sewer: 874 daAuts
     D:3: 785 daAuts
     D:4: 508 daAuts
     D:5: 380 daAuts
